Map: Hecate LE

Players

demzi - Winner!

  • Race: Zerg Zerg
  • League: Diamond
  • Spawn Location: 7:00

tafkap

  • Race: Zerg Zerg
  • League: Diamond
  • Spawn Location: 1:00

VOD

Have the link to the VOD?

Description

Time

  • Played on: March 24, 2024, 7:54 p.m.
  • Length: 9:21
Show
View Real Time Build Order
Export as new Build Order

demzi Zerg - Winner!

Build Orders: Hatch First 

Get SALT Encoding   

  12  0:00  Drone  
  13  0:12  Overlord  
  13  0:17  Drone  
  14  0:31  Drone x2  
  16  0:50  Hatchery  
  16  0:52  Drone  
  16  0:56  Drone  
  17  1:00  Drone  
  18  1:11  Extractor  
  17  1:15  Spawning Pool  
  16  1:19  Drone  
  16  1:22  Drone  
  18  1:28  Drone  
  19  1:39  Drone  
  20  1:50  Overlord  
  20  2:03  Queen x2  
  20  2:04  Zergling x4  
  26  2:11  Drone  
  26  2:12  Overlord  
  27  2:25  Zergling x2  
  27  2:26  Zergling x2  
  27  2:32  Spine Crawler  
  27  2:33  Spine Crawler  
  27  2:35  Zergling x4  
  27  2:43  Zergling x2  
  28  2:56  Drone x3  
  31  3:21  Drone x8  
  39  3:42  Hatchery  
  38  3:50  Evolution Chamber  
  37  4:01  Roach Warren  
  36  4:10  Drone x8  
  44  4:20  Overlord  
  44  4:32  Extractor, Drone  
  44  4:33  Extractor  
  44  4:34  Drone  
  44  4:37  Queen  
  46  4:42  Drone x2  
  46  4:43  Drone x3  
  46  4:45  Extractor  
  50  4:50  Lair  
  50  4:52  Zerg Missile Weapons Level 1  
  50  4:55  Evolution Chamber  
  50  4:57  Roach  
  50  4:58  Roach  
  50  4:59  Roach  
  55  5:01  Roach  
  57  5:15  Overlord x2  
  57  5:18  Overlord  
  57  5:22  Zerg Ground Armor Level 1  
  57  5:26  Drone  
  58  5:30  Overlord  
  58  5:33  Drone x3  
  58  5:34  Drone x3  
  64  5:46  Glial Reconstitution  
  64  5:48  Roach x2  
  68  5:51  Roach  
  68  5:54  Roach  
  72  6:04  Roach x4  
  76  6:06  Roach  
  76  6:08  Roach  
  76  6:10  Roach  
  86  6:13  Roach  
  86  6:18  Overlord x3  
  88  6:50  Hydralisk Den  
  87  6:56  Drone  
  87  6:57  Ravager  
  86  7:02  Roach x2  
  86  7:03  Roach x9  
  86  7:06  Hatchery  
  107  7:14  Roach  
  107  7:15  Roach x2  
  113  7:18  Overlord x2  
  113  7:19  Overlord  
  113  7:30  Overlord x3  
  113  7:45  Roach x5  
  113  7:46  Roach  
  124  7:54  Roach x3  
  124  7:58  Ravager x5  
  135  8:07  Roach x3  
  135  8:08  Roach  
  143  8:14  Overlord  
  143  8:15  Overlord  
  143  8:26  Overlord  
  143  8:27  Overlord x2  
Show
View Real Time Build Order
Export as new Build Order

tafkap Zerg 

Build Orders: Pool First 

Get SALT Encoding   

  12  0:01  Drone  
  13  0:13  Overlord  
  13  0:16  Drone  
  14  0:38  Spawning Pool  
  14  0:40  Drone  
  14  0:42  Drone  
  15  0:47  Extractor  
  14  0:51  Drone  
  14  0:52  Drone  
  16  1:03  Overlord  
  16  1:25  Queen  
  16  1:30  Zergling x4  
  20  1:36  Zergling x2  
  21  1:51  Metabolic Boost  
  21  2:01  Hatchery  
  20  2:09  Drone  
  20  2:10  Drone  
  22  2:21  Drone x2  
  24  2:32  Zergling x2  
  25  2:41  Zergling x4, Drone  
  28  2:53  Baneling Nest  
  27  3:03  Overlord  
  27  3:05  Queen  
  29  3:20  Drone x4  
  29  3:24  Drone  
  35  3:34  Drone  
  35  3:35  Drone  
  35  3:37  Queen  
  38  3:42  Spine Crawler  
  38  3:48  Baneling x4  
  37  3:49  Drone x2  
  39  4:00  Drone  
  39  4:01  Overlord  
  39  4:02  Drone x2  
  42  4:10  Drone x2  
  45  4:19  Roach Warren  
  45  4:22  Drone, Extractor  
  45  4:23  Evolution Chamber  
  43  4:25  Drone x3  
  46  4:31  Extractor  
  46  4:32  Lair  
  46  4:34  Drone  
  46  4:39  Drone x4  
  50  4:49  Zerg Ground Armor Level 1  
  51  5:07  Drone x2  
  51  5:10  Overlord  
  51  5:11  Overlord  
  52  5:31  Roach x6  
  52  5:34  Roach  
  52  5:35  Roach  
  68  5:37  Overlord  
  68  5:41  Glial Reconstitution  
  68  5:56  Drone x2  
  70  5:58  Hatchery  
  70  6:01  Roach x3  
  75  6:05  Overlord x2  
  75  6:09  Overseer  
  75  6:13  Overlord  
  75  6:20  Drone  
  75  6:23  Queen  
  75  6:25  Ravager x5  
  83  6:39  Extractor, Evolution Chamber  
  81  6:45  Overlord x3  
  81  6:47  Roach x5  
  85  6:49  Roach  
  85  6:53  Roach x2  
  98  6:58  Queen  
  99  7:02  Overlord x2  
  99  7:04  Roach x3  
  102  7:15  Roach x2  
  106  7:20  Zerg Missile Weapons Level 1  
  106  7:25  Roach x2  
  106  7:29  Hatchery  
  109  7:33  Roach x3  
  117  7:37  Roach  
  117  7:41  Overseer  
  117  7:44  Roach x2  
  125  7:51  Roach x2  
  125  7:53  Roach  
  127  8:01  Hydralisk Den  
  127  8:03  Overseer  
  126  8:20  Drone x3  
  126  8:22  Roach x4  
  137  8:30  Ravager x2  
  139  8:39  Overlord x4  
  112  9:02  Roach  
Tags
 
Matchup
ZvZ
Race
Zerg
Replay Pack
Multiplayer
Spawn Locations
Cross Positions
Add a new tag
Caveats
  • Supply blocks, unpowered buildings, or Contaminate may cause inaccurate times.
  • Supply counts are checked every 10 seconds.